[Event "93rd German Championship 2022"]
[Site "Magdeburg"]
[Date "2022.08.20"]
[Round "9.15"]
[White "Parvanyan, Alfred"]
[Black "Farokhi, Keyvan"]
[Result "1/2-1/2"]
[ECO "A05"]
[WhiteElo "2126"]
[BlackElo "2332"]
[Annotator "TA"]
[PlyCount "241"]
[EventDate "2022.08.14"]
[EventType "swiss"]
[EventCountry "GER"]
[SourceTitle "playchess.com"]
[Source "ChessBase"]
[SourceQuality "1"]
[TimeControl "40/5400+30:1800+30"]

1. Nf3 Nf6 2. g3 b5 3. Bg2 Bb7 4. O-O e6 5. d3 c5 6. Nbd2 d6 7. e4 Nbd7 {[%emt 0:00:38] A05: Réti Opening: 1 Nf3 Nf6.} 8. Qe2 Be7 9. d4 a6 10. c3 O-O {[%emt 0:00:23] [#]} 11. h4 $146 ({Predecessor:} 11. e5 dxe5 12. dxe5 Nd5 13. h4 Qc7 14. h5 c4 15. h6 g6 16. Rd1 Rfd8 17. Nf1 {1-0 (53) Adly,A (2551)-Nyzhnyk,I (2405) Reykjavik 2008}) 11... Rc8 12. a4 Qb6 13. a5 Qc7 14. Ng5 (14. Rd1 $11) 14... cxd4 15. cxd4 Nb8 16. e5 dxe5 17. dxe5 Nfd7 18. Ndf3 h6 19. Ne4 Qc4 (19... Nxe5 20. Nxe5 Qxe5 21. Bf4 $15) 20. Qxc4 bxc4 (20... Rxc4 $17 21. Nd6 Bxf3 22. Bxf3 Rc7) 21. Nd6 $11 Bxd6 22. exd6 Rfd8 23. Bf4 Nc5 24. Rfd1 ({White should play} 24. Ne5 $11) 24... Nd3 (24... Nbd7 $15) 25. Ne5 Bxg2 26. Kxg2 Nxb2 {[%emt 0:03:34] Pair of Knights!} 27. d7 Rc5 28. Rd6 Nd3 29. Nxd3 cxd3 30. Rb1 (30. Rxd3 Rxd7 31. Rd6 Rxd6 32. Bxd6 Rc8 $17) (30. Be3 Rd5 31. Rxd5 exd5 $15) 30... Nxd7 31. Rxd3 Rd5 (31... Rxa5 $2 32. Bc7 Rb5 33. Rxb5 $18) 32. Rxd5 exd5 {[%emt 0:00:02][%mdl 4096] Endgame [#] KRB-KRN} 33. Rb6 $1 g5 (33... Nxb6 34. axb6 a5 35. b7 $16) (33... Nc5 34. Bd6) 34. hxg5 (34. Bc7 $5 Rc8 35. Bd6 $1 $14) 34... hxg5 ({Weaker is} 34... Nxb6 35. axb6 hxg5 36. Bc7 $18) 35. Bxg5 (35. Bc7 $5 Rc8 {[#]} 36. Bd6 $1 $14) 35... Nxb6 36. Bxd8 $14 {[%emt 0:00:06] KB-KN} Nc4 37. Kf3 Kf8 38. Kf4 Ke8 39. Bf6 Kd7 40. Bc3 Kc6 41. g4 Kc5 42. Kf5 d4 43. Be1 Kd5 {[%emt 0:02:52] Strongly threatening ...d3.} (43... d3 $5 44. Kf6 Nd6 $11) 44. g5 $1 Ne5 45. Bd2 $1 d3 46. Kf6 Ke4 47. f4 Nf3 (47... Nc4 $5 48. Bc1 Nxa5 49. Kxf7 Nb3 $15) 48. Bc1 Nd4 {[%emt 0:00:43] Hoping for ...Nb3.} 49. Bd2 (49. Kxf7 $11 Nb3 50. g6 Nxc1 51. g7) 49... Nb3 $1 $15 50. Kxf7 Nxd2 {[%emt 0:00:04] KN-K3P} 51. g6 {[%emt 0:00:08] Threatens to win with g7.} Nf3 (51... Kxf4 $2 52. g7 Nf3 53. g8=Q $18) ({Better is} 51... Nc4 $15 52. g7 d2) 52. g7 $11 {[%emt 0:00:23] The position is equal.} d2 53. g8=Q d1=Q 54. Qg6+ Kxf4 55. Qf6+ Ke4 56. Qg6+ Kf4 57. Qf6+ Ke4 58. Qg6+ Ke3 59. Qe6+ Kf2 60. Qxa6 Qd5+ 61. Ke7 Qe5+ 62. Kd7 Qg7+ 63. Kc8 Qf8+ 64. Kb7 Qe7+ 65. Kb8 Qd8+ 66. Kb7 {[%emt 0:00:13] Qb6+ is the strong threat.} Qd7+ 67. Kb8 Nd4 68. Qb6 Ke2 {[%emt 0:00:57] ( -> ...Nc6+)} 69. Qc7 Qe8+ 70. Kb7 {[%emt 0:00:19] And now Qc4+ would win.} Qb5+ 71. Qb6 Qd7+ 72. Qc7 $132 {[%emt 0:00:18][%mdl 2048] White is not holding back} Qd5+ 73. Kc8 Nb5 74. Qe7+ Kf3 75. Qf6+ Ke4 76. Qe7+ Kd4 77. Qd7 Nd6+ 78. Kd8 Qxa5+ 79. Ke7 $1 Qe5+ 80. Qe6 Nf5+ 81. Kd7 Qg7+ 82. Kc6 Qg2+ 83. Kc7 Qc2+ 84. Kd7 Qa4+ 85. Qc6 $1 Qa5 86. Qf6+ Ke4 87. Qc6+ Kd3 88. Qf3+ Ne3 89. Qc6 Kd4 90. Qf6+ Ke4 91. Qe6+ Kf4 92. Qd6+ Kf3 93. Qf6+ Ke2 94. Qb2+ Kd3 95. Qb3+ Kd2 96. Qb2+ Nc2 97. Qb7 Qf5+ 98. Kc7 Qf7+ 99. Kb6 Qf2+ 100. Kc7 Qf4+ 101. Kd7 Nb4 102. Qc7 Qf5+ 103. Kd6 Kd3 ({Of course not} 103... Qd3+ $6 104. Ke6 $17) 104. Qd7 Qh5 105. Ke6+ Kc4 106. Qc7+ Kb3 107. Qg3+ Ka4 108. Qe5 Qg4+ 109. Kd6 Qg6+ 110. Qe6 Qd3+ 111. Ke5 Kb5 112. Qf5 Qd8 113. Ke4+ Kc4 114. Qe6+ Kc5 115. Qe5+ Kc4 116. Qe6+ Kc3 117. Qe5+ Kc2 118. Qc5+ Kb3 119. Qe3+ Kc2 120. Qc5+ Kd1 ({Much weaker is} 120... Kb3 121. Qe3+ Kc4 122. Qc1+ Kb5 123. Qf1+ Kb6 124. Qg1+ Kb7 125. Qg7+ Kc6 126. Qd4 Qh4+ 127. Ke5 Qh8+ 128. Ke4 Qh7+ $17) 121. Qd4+ {[%emt 0:00:04] Weighted Error Value: White=0.12 (very precise) /Black=0.11 (very precise)} 1/2-1/2

[Event "93rd German Championship 2022"]
[Site "Magdeburg"]
[Date "2022.08.20"]
[Round "9.17"]
[White "Stricker, Florian"]
[Black "Malek, Daniel"]
[Result "0-1"]
[ECO "B12"]
[WhiteElo "2182"]
[BlackElo "2355"]
[Annotator "TA"]
[PlyCount "192"]
[EventDate "2022.08.14"]
[EventType "swiss"]
[EventCountry "GER"]
[SourceTitle "playchess.com"]
[Source "ChessBase"]
[SourceQuality "1"]
[TimeControl "40/5400+30:1800+30"]

1. e4 c6 2. d4 d5 3. e5 Bf5 4. h4 h6 5. g4 Be4 6. f3 Bh7 7. e6 Qd6 8. exf7+ $1 {[%emt 0:00:07] B12: Caro-Kann: Advance Variation.} Kxf7 9. f4 Nf6 10. Nf3 {The position is equal. 10.Bh3 is vanishing.} Nxg4 11. Bh3 (11. Ne5+ Nxe5 12. fxe5 Qg6 $15) 11... h5 12. Ne5+ Ke8 13. Bxg4 (13. Nxg4 hxg4 14. Qxg4 Nd7 $11) 13... hxg4 14. Qxg4 {[%emt 0:00:10] [#]} Be4 $146 ({Predecessor:} 14... Nd7 15. Qh5+ g6 16. Qe2 c5 17. Be3 Nxe5 18. fxe5 Qb6 19. c3 c4 20. Na3 g5 21. Bxg5 {1-0 (38) Giri,A (2764)-Ter Sahakyan,S (2640) Chess.com INT 2020}) 15. Qc8+ Qd8 {[%emt 0:06:03] [#]} 16. Qe6 Qd6 17. Qc8+ Qd8 18. Qe6 Qd6 $11 19. Qf7+ Kd8 20. Rh2 Nd7 21. Nc3 Nxe5 22. fxe5 Qg6 23. Qf2 e6 24. Bg5+ (24. h5 $5 Qf5 25. Nxe4 Qxe4+ 26. Qe3 $14) 24... Be7 25. Bxe7+ Kxe7 26. O-O-O $1 Raf8 {[%emt 0:07:51] Really sharp! Active counter play!} 27. Qe1 (27. Qe3 $11 {was preferrable.}) 27... Bf3 $1 $15 28. Ne2 Kd7 ({Better is} 28... Ke8 $15) 29. Qb4 $36 {[%emt 0:04:33][%mdl 2048] White is pushing.} Kc8 30. Rg1 Qh6+ 31. Kb1 Bxe2 (31... g5 {looks sharper.} 32. Rxg5 Bxe2 33. Rxe2 Rf1+) 32. Rxe2 Qxh4 (32... Rf7 {is interesting.} 33. Qc5 a6 34. Qa7 Qxh4 35. a3 Qd8) 33. a4 Rf7 34. Reg2 Rh7 (34... Qe7 $1 $11 35. Qxe7 Rxe7) 35. Rg6 (35. Qc5 $1 $16) 35... Qe7 $1 36. Qd2 Rh4 37. c3 c5 38. dxc5 Qxc5 {[%emt 0:02:29] Hoping for ...Rf2.} 39. Qg5 $2 (39. Qd1 $11) 39... Qe7 $2 ({Not} 39... Rxa4 40. Rxg7 Raf4 41. Rg8+ Rf8 42. Qxf4 $11 (42. Qh6 Qe7 $11)) ({Black should play} 39... Qc4 $19 {( -> ...Qd3+)} 40. Qg2 Rhf4) 40. Rxe6 Qxe6 41. Qxh4 Qxe5 {[%emt 0:30:19][%mdl 4096] Endgame KQR-KQR} 42. Re1 Qf6 43. Qb4 b6 {[%emt 0:00:00] Inhibits Qc5+.} 44. Qb5 Qf5+ 45. Ka2 {[%emt 0:00:00] Threatening mate with Qc6+.} Qd7 {[%emt 0:00:00] Prevents Qc6+.} 46. Qb4 (46. Re5 $11 {is superior.}) 46... Qc7 (46... g5 $1 $15 47. Kb3 g4) 47. Kb3 Kb7 48. Re8 Qc5 49. Qg4 Rc7 50. Qf5 b5 51. Rd8 Qc4+ 52. Kc2 Qxa4+ 53. Kc1 Qe4 54. Rxd5 Qxf5 55. Rxf5 {[%emt 0:00:05] KR-KR} Kc6 56. Rg5 Rb7 57. Kc2 Kd6 58. Kd3 Ke6 59. Ke4 Kf7 60. Rc5 Kf6 61. Kf4 Rb6 62. Rc8 Re6 63. Rc7 g5+ 64. Kg4 a6 {[%emt 0:00:12] Strongly threatening ...Re4+.} 65. Rc5 $1 Re4+ 66. Kf3 Rc4 67. Rd5 $1 Rf4+ 68. Kg3 Kg6 69. Rd6+ Rf6 70. Rd8 $2 {[%emt 0:00:15] [#]} (70. Rd5 $15) 70... Re6 $2 (70... Kf5 $1 $19 {[%cal Rf5e4] And now ...Ke4 would win.} 71. Rd2 Re6) 71. Kg4 $1 $15 Re4+ 72. Kf3 $1 Ra4 73. Rg8+ (73. b4 $11 {remains equal.}) 73... Kf5 $17 {[%emt 0:00:13] ...g4+ is the strong threat. Black continues to play with concentration.} 74. Re8 $2 (74. b4 $17) 74... g4+ $19 75. Kg3 $2 (75. Ke3 {was the only defense.}) 75... Re4 $2 (75... Ra2 76. Re2 Ra1 77. Rf2+ Kg5) 76. Rf8+ Ke5 {[%emt 0:00:10] White must now prevent ...Kd5.} 77. Ra8 {[%emt 0:01:09] [#]} Ra4 $1 78. Rc8 $2 (78. Rd8 {was the crucial defense.}) 78... Ke4 {[%emt 0:00:45] aiming for ...Kd3.} 79. Kxg4 Kd3+ 80. Kf5 Ra2 81. b4 Rc2 {[%emt 0:00:16] Black mates.} 82. Ra8 Kxc3 83. Rxa6 Kxb4 84. Ke4 Kc3 85. Rc6+ Kb3 86. Rb6 b4 87. Kd3 Rc8 88. Kd2 Ka3 89. Ra6+ Kb2 90. Rb6 Rd8+ 91. Ke3 b3 92. Rc6 Ka2 93. Rh6 b2 94. Ra6+ Kb1 95. Ke2 Rd5 96. Ra8 Kc2 {[%emt 0:00:07] Weighted Error Value: White=0.16 (very precise) /Black=0.13 (very precise)} 0-1

[Event "93rd German Championship 2022"]
[Site "Magdeburg"]
[Date "2022.08.20"]
[Round "9.18"]
[White "Yi, Danny"]
[Black "Westphal, Wolfgang"]
[Result "1-0"]
[ECO "B32"]
[WhiteElo "2273"]
[BlackElo "2175"]
[Annotator "TA"]
[PlyCount "59"]
[EventDate "2022.08.14"]
[EventType "swiss"]
[EventCountry "GER"]
[SourceTitle "playchess.com"]
[Source "ChessBase"]
[SourceQuality "1"]
[TimeControl "40/5400+30:1800+30"]

1. e4 c5 2. Nf3 Nc6 3. d4 cxd4 4. Nxd4 e5 5. Nb5 a6 6. Nd6+ Bxd6 7. Qxd6 Qf6 8. Qd2 Qg6 9. Nc3 $1 {[%emt 0:00:44] The main line 9.Nc3 scores better than 9.f3.} Nge7 10. b3 {[%emt 0:03:38] B32: Sicilian: Löwenthal and Kalashnikov Variations.} (10. f4 $14) 10... d5 $1 $11 11. f3 {[%emt 0:25:37] [#]} d4 $146 ({Predecessor:} 11... dxe4 12. Nxe4 O-O 13. Ba3 Bf5 14. Bd3 Rfd8 15. O-O-O Nd5 16. g4 Be6 17. h4 Qh6 18. Qxh6 gxh6 {1-0 (36) Elters,A (2236)-Bustelo,T (2079) Montevideo 2013}) 12. Na4 {[%emt 0:02:47] White is slightly better.} b5 13. Nb6 Rb8 14. Nxc8 ({Of course not} 14. Nd5 Nxd5 15. exd5 Ne7 $15) 14... Rxc8 15. a4 Qd6 {[%emt 0:24:14] White stays focused until the end.} (15... Rb8 $14) 16. axb5 $16 Nb4 (16... axb5 $16 17. Bxb5 Qc5) 17. Ba3 $18 a5 18. Bxb4 axb4 19. Ra6 Qc5 20. Bc4 O-O 21. Ke2 Ra8 22. Rha1 Rxa6 23. Rxa6 ({Much less strong is} 23. bxa6 Nc8 24. Kf1 Nb6) 23... d3+ (23... h6 $142 24. g3 Re8) 24. Qxd3 Qg1 25. Kd2 Qxg2+ 26. Kc1 {[%emt 0:00:30] White is clearly winning.} Ng6 (26... Qg1+ $142 27. Kb2 Nc8 28. Bxf7+ Rxf7) 27. b6 Qg5+ 28. Kb2 Rd8 {[%emt 0:00:20] [#]} 29. b7 $1 {[%emt 0:00:36] Threatening mate with Ra8.} Nf8 {[%emt 0:03:54] [#]} (29... Rxd3 30. Bxd3) 30. Ra8 $1 {[%emt 0:00:27] Weighted Error Value: White=0.06 (flawless) /Black=0.39} 1-0

[Event "93rd German Championship 2022"]
[Site "Magdeburg"]
[Date "2022.08.20"]
[Round "9.19"]
[White "Pahl, Erik"]
[Black "Becker, Stefan"]
[Result "1-0"]
[ECO "B41"]
[WhiteElo "2203"]
[BlackElo "2101"]
[Annotator "TA"]
[PlyCount "81"]
[EventDate "2022.08.14"]
[EventType "swiss"]
[EventCountry "GER"]
[SourceTitle "playchess.com"]
[Source "ChessBase"]
[SourceQuality "1"]
[TimeControl "40/5400+30:1800+30"]

1. e4 c5 2. Nf3 e6 3. d4 cxd4 4. Nxd4 a6 5. c4 Nf6 6. Nc3 Qc7 7. a3 d6 8. Be3 b6 9. Be2 Bb7 10. f3 Be7 11. O-O O-O 12. Rc1 Nbd7 13. Qd2 Rac8 14. b4 Rfe8 15. Rfd1 Qb8 16. Nb3 {[%emt 0:01:00] 16.Bf1 is the fancy move.} Bd8 {[%emt 0:05:36] A31: Symmetrical English: 2 Nf3 Nf6 3 d4.} 17. Bf4 (17. Qxd6 Bc7 18. Qd3 Bxh2+ 19. Kf1 Red8 $11) 17... Ne5 18. Bxe5 (18. Qxd6 Nxf3+ $1 19. gxf3 Bc7 20. Qxc7 Rxc7 $17) 18... dxe5 {[%emt 0:00:09] White is slightly better.} 19. c5 Qa7 20. Kh1 Nh5 {[%emt 0:11:14] [#]} (20... Bc6 $14) 21. cxb6 $146 ({Predecessor:} 21. Qd6 Bc7 22. cxb6 Qxb6 23. Qxb6 Bxb6 24. Na4 Be3 25. Rxc8 Rxc8 26. Nac5 Nf4 27. Bf1 {1-0 (44) Sauer,T (1777)-Schwan,A (1671) Willingen 2022}) 21... Bxb6 22. Na4 $1 Be3 23. Rxc8 Bxc8 {[%emt 0:00:08] This bishop pair is nice.} 24. Qd6 $40 {[%emt 0:11:21][%mdl 128] White attacks with force.} (24. Qd8 {feels hotter.} Rf8 25. Nac5 a5 26. g3) 24... f6 25. g3 $1 {[%emt 0:08:00] White is more active.} Qf7 26. Rd3 $1 (26. Bxa6 Qg6 27. Bxc8 Nxg3+ 28. hxg3 Qxg3 29. Bxe6+ Kh8 $11) 26... Bf2 27. Kg2 (27. Rc3 $16 {Black must now prevent Rc7.} Nxg3+ 28. hxg3 Bxg3 29. Kg2) 27... Bxg3 $1 $14 28. hxg3 {[%emt 0:00:07] Strongly threatening Qb6.} Qg6 29. g4 (29. f4 $1 $14 Nxf4+ 30. Kf2 Nxe2 31. Kxe2) 29... Nf4+ 30. Kf2 {[%emt 0:01:24][%cal Bg2f2,Bf2e1,Be1d2,Bd2d3,Bd3c2,Bc2b2][%mdl 32] And now Nc1 would win.} Qh6 $2 {[%emt 0:03:52] [#] Black cannot hold the game after this.} (30... Qg5 $11 31. Rd1 f5) 31. Ke1 $1 $18 Qh1+ {[%emt 0:17:00] [#]} (31... Qh2 32. Nc3 $1 $16 (32. Bf1 f5 $16)) (31... f5 32. Nc1) 32. Kd2 $1 (32. Bf1 f5 $14) 32... Qh6 33. Nac5 Kf7 34. Bd1 Nxd3+ 35. Kxd3 {[%emt 0:00:11] aiming for Nd2. Dancing on a razor blade.} Qh2 (35... g6 {was worth a try.} 36. Qc7+ (36. Nxa6 Bxa6+ 37. Qxa6 Rd8+ 38. Kc2 Qe3 $16) 36... Kg8) 36. Be2 Qg1 37. Kc2 Qf2 38. Qd2 Qg1 39. Kb2 ({Don't play} 39. Nxa6 Qa7 $18) (39. Bxa6 Bxa6 40. Nxa6 Qf1 $18) 39... Re7 (39... Rh8 {might work better.} 40. Nxa6 Bxa6) 40. Na5 Kg6 41. Nc4 {[%emt 0:33:29] Weighted Error Value: White=0.16 (very precise) /Black=0.44} ({Resist} 41. Bxa6 Bxa6 42. Nxa6 Ra7 $18) ({Less strong is} 41. Nxa6 Rd7 42. Qc2 Qd4+ 43. Kb1 Bxa6 44. Bxa6 Qe3 $16) 1-0

[Event "93rd German Championship 2022"]
[Site "Magdeburg"]
[Date "2022.08.20"]
[Round "9.20"]
[White "Feidt, Jonas"]
[Black "Burian, Simon"]
[Result "0-1"]
[ECO "A34"]
[WhiteElo "1901"]
[BlackElo "2189"]
[Annotator "TA"]
[PlyCount "98"]
[EventDate "2022.08.14"]
[EventType "swiss"]
[EventCountry "GER"]
[SourceTitle "playchess.com"]
[Source "ChessBase"]
[SourceQuality "1"]
[TimeControl "40/5400+30:1800+30"]

1. c4 c5 2. g3 Nf6 3. Bg2 d5 4. cxd5 Nxd5 5. Nc3 Nc7 6. Nf3 Nc6 7. O-O e5 8. a3 Rb8 {[%emt 0:00:14] A34: Symmetrical English: 2 Nc3, lines with ...d5.} 9. d3 Be7 10. b3 O-O {[%emt 0:03:09] Black has an edge.} 11. Bb2 f6 12. Rc1 Be6 {[%emt 0:05:00] [#]} 13. Ne4 $146 ({Predecessor:} 13. Nd2 Qd7 14. Na4 Na6 15. Re1 Nd4 16. Nc3 Rfd8 17. Ba1 Bf8 18. Rb1 Rbc8 19. Qc1 {0-1 (49) Chernobay,A (2510)-Lomasov,S (2559) Sochi 2018}) 13... Na6 14. Ned2 Qd7 15. Re1 Rfc8 16. Qc2 Bf8 17. Qb1 Qf7 18. Bc3 Nd4 19. Bxd4 cxd4 20. b4 Qd7 21. Ne4 Qa4 22. Qb2 Nc7 23. Nc5 (23. e3 $11 Nb5 24. exd4) 23... Bxc5 $17 {[%emt 0:00:22] White is now going downhill.} 24. Rxc5 {[%emt 0:01:13] [#]} (24. bxc5 $142 Na6 25. Nd2) 24... b6 $1 25. Rcc1 Nb5 $36 {[%emt 0:01:24][%mdl 2048] Black is really pushing.} 26. e3 (26. Nd2 $17) 26... dxe3 $19 ({Not} 26... Qxa3 27. Qxa3 Nxa3 28. exd4 $17) ({Stronger than} 26... Nxa3 27. exd4 Rc2 28. Rxc2 Nxc2 29. Rb1 $11) 27. fxe3 Qxa3 ({Don't do} 27... Nxa3 28. Ra1 $18) 28. Qxa3 Nxa3 29. d4 (29. Rxc8+ {might work better.} Rxc8 30. Kf2) 29... e4 30. Nd2 (30. Rxc8+ {was necessary.} Rxc8 31. Nd2) 30... f5 {[%emt 0:00:06] Threatens to win with ...Nc2.} 31. Rxc8+ Rxc8 32. Ra1 $2 (32. Bh3) 32... Nc2 {[%emt 0:00:53][%csl LRa1,LRb4,LRe3] Black is clearly winning.} 33. Rxa7 Nxe3 34. Nf1 (34. Nxe4 $142 Rc1+ 35. Kf2 Ng4+ 36. Kf3) 34... Rc1 {[%emt 0:00:35] Hoping for ...Nxf1.} 35. Kf2 Nxf1 36. Bxf1 e3+ 37. Kxe3 Rxf1 {[%emt 0:00:12][%mdl 4096] Endgame KRB-KR} 38. Rb7 Re1+ 39. Kf2 Re4 40. Rxb6 Kf7 41. Rb7+ Kf6 42. b5 Rxd4 43. b6 Rb4 44. Rb8 Bd5 45. Ke3 Be4 46. h4 Rb3+ 47. Kd4 Rxg3 48. b7 {[%emt 0:00:20] [#]} Bxb7 $1 49. Rxb7 (49. Rf8+ Kg6) 49... Rg4+ {[%emt 0:00:06] Weighted Error Value: White=0.55/Black=0.24 (precise)} 0-1

[Event "93rd German Championship 2022"]
[Site "Magdeburg"]
[Date "2022.08.20"]
[Round "9.21"]
[White "Eichstaedt, Mirko"]
[Black "Tschernatsch, Johannes"]
[Result "0-1"]
[ECO "A48"]
[WhiteElo "2223"]
[BlackElo "2296"]
[Annotator "TA"]
[PlyCount "90"]
[EventDate "2022.08.14"]
[EventType "swiss"]
[EventCountry "GER"]
[SourceTitle "playchess.com"]
[Source "ChessBase"]
[SourceQuality "1"]
[TimeControl "40/5400+30:1800+30"]

1. d4 Nf6 2. Nf3 g6 3. Nbd2 d5 4. e3 Bg7 5. b4 a5 6. b5 {D02: 1 d4 d5 2 Nf3 sidelines, including 2...Nf6 3 g3 and 2...Nf6 3 Bf4.} a4 7. Ba3 O-O 8. Be2 {White is slightly better.} Re8 9. c4 Nbd7 10. O-O c6 {[#]} 11. bxc6 $146 ({Predecessor:} 11. Rc1 h6 12. Qc2 cxb5 13. cxd5 b4 14. Bxb4 Nxd5 15. Ba3 e5 16. dxe5 Nxe5 17. Nxe5 Bxe5 {1-0 (63) Ushenina,A (2440)-Abdumalik,Z (2470) St Petersburg 2018}) 11... bxc6 12. Rc1 Qa5 13. Bd3 Ba6 14. Qe2 e6 15. Rc2 Bf8 16. Bxf8 Rxf8 17. a3 Rab8 18. Rfc1 Rb7 19. h4 Rfb8 20. Ng5 Qd8 21. f4 (21. Qd1 $11 {keeps the balance.}) 21... Qe7 $17 22. c5 Bxd3 23. Qxd3 Rb5 24. g3 Nh5 25. Kg2 f6 (25... Ng7 $17) 26. Nh3 (26. Ngf3 $11) 26... e5 {aiming for ...exd4.} 27. g4 {This costs White the game.} ({White should play} 27. e4 $1 $15 exd4 28. exd5 Nxc5 29. Qxd4) 27... Ng7 $19 28. f5 $2 {[#]} (28. e4 {is a better defense.} Ne6 29. exd5 Nxd4 30. dxc6 Nxc5 31. Qc4+ Kh8 32. fxe5 Nxc2 33. Rxc2 Qxe5 34. Nf2) 28... gxf5 29. gxf5 Qf7 30. e4 Kh8 31. Kh2 $2 (31. Kh1) 31... exd4 (31... dxe4 $2 32. Qxe4 exd4 33. Rf1 $19) 32. Qxd4 Ne5 {White must now prevent ...Qh5.} ({Wrong is} 32... Qh5 $2 33. exd5 Ne5 34. Rg1 cxd5 35. Qxd5 $19) 33. exd5 Nxf5 34. Qe4 {[#]} Ne3 35. Rc3 (35. Nf3 Nxf3+) 35... Qxd5 36. Qxd5 Nxd5 37. R3c2 Ne3 38. Ra2 Rb2 39. Rca1 N3c4 40. Kg3 Nxd2 41. Kf4 Nd3+ 42. Kf5 Nxc5 43. Nf4 Rxa2 44. Rxa2 Ncb3 45. Rc2 Nd4+ {Weighted Error Value: White=0.80/Black=0.25 (precise)} 0-1